General information
- name: BNet
- type: Ladder team game (AT/RT)
- host: Battle.net
- saver: KING-RAT.
map: Battleground
- players: 8
- length: 28:12
- speed: Fast
- version: 1.28 W3XP
- replay type: Public
» download(260 KB)
Players
team 1 (winner)

»
Dead.Dragon (
teal | 59 APM | 1664 actions | 28:09)
4 Blademaster
2 Wind Walk
2 Critical Strike
4 Shadow Hunter
2 Hex
2 Healing Wave
» actions
| Basic commands | 2 | |
| Build / train | 62 | |
| Enter build submenu | 23 | |
| Enter hero's abilities submenu | 8 | |
| Give item / drop item | 2 | |
| Right click | 1034 | |
| Select / deselect | 416 | |
| Use ability | 117 | |
1664 total
» units
| Peon | 7 | |
| Grunt | 5 | |
| Spirit Walker | 4 | |
| Raider | 4 | |
| Tauren | 3 | |
23 total
» upgrades
| Pillage | 1 | |
| Spirit Walker Training | 2 | |
| Ensnare | 1 | |
| Pulverize | 1 | |
5 total
» buildings
| Altar of Storms | 2 | |
| Orc Burrow | 6 | |
| Barracks | 1 | |
| Voodoo Lounge | 2 | |
| Stronghold | 1 | |
| War Mill | 1 | |
| Beastiary | 1 | |
| Spirit Lodge | 1 | |
| Fortress | 1 | |
| Tauren Totem | 1 | |
| Watch Tower | 4 | |
| Great Hall | 3 | |
24 total
» build order
00:08 Altar of Storms
00:18 Orc Burrow
00:37 Barracks
01:27 Orc Burrow
02:01 Voodoo Lounge
02:50 Stronghold
03:30 Orc Burrow
04:19 War Mill
05:57 Beastiary
06:00 Spirit Lodge
07:59 Fortress
08:51 Orc Burrow
10:26 Tauren Totem
17:04 Watch Tower
17:10 Watch Tower
18:15 Great Hall
18:32 Great Hall
18:37 Watch Tower
18:40 Watch Tower
21:56 Great Hall
24:44 Orc Burrow
24:46 Altar of Storms
25:57 Orc Burrow
28:01 Voodoo Lounge
» items
| Healing Salve | 3 | |
| Scroll of Speed | 3 | |
| Boots of Speed | 1 | |
| Potion of Healing | 1 | |
| Scroll of Town Portal | 2 | |
| Potion of Lesser Invulnerability | 3 | |
| Lesser Clarity Potion | 1 | |
| Orb of Lightning | 1 | |
15 total
DarKNeSSCaLLeD (
green | 176 APM | 4968 actions | 28:09)
6 Death Knight
3 Death Coil
3 Unholy Aura
4 Lich
2 Frost Nova
2 Frost Armor
4 Crypt Lord
2 Impale
2 Spiked Carapace
» actions
| Assign group hotkey | 69 | |
| Basic commands | 224 | |
| Build / train | 87 | |
| ESC pressed | 2 | |
| Enter build submenu | 25 | |
| Enter hero's abilities submenu | 16 | |
| Give item / drop item | 5 | |
| Right click | 2056 | |
| Select / deselect | 535 | |
| Select group hotkey | 1642 | |
| Use ability | 307 | |
4968 total
» units
| Acolyte | 7 | |
| Ghoul | 2 | |
| Crypt Fiend | 30 | |
| Obsidian Statue | 8 | |
47 total
» upgrades
| Creature Attack | 2 | |
| Burrow | 1 | |
| Web | 1 | |
| Destroyer Form | 1 | |
5 total
» buildings
| Graveyard | 1 | |
| Crypt | 3 | |
| Altar of Darkness | 1 | |
| Ziggurat | 13 | |
| Tomb of Relics | 1 | |
| Halls of the Dead | 1 | |
| Black Citadel | 1 | |
| Slaughterhouse | 1 | |
| Spirit Tower | 7 | |
| Necropolis | 2 | |
| Sacrificial Pit | 1 | |
32 total
» build order
01:19 Graveyard
01:22 Crypt
01:55 Altar of Darkness
02:14 Ziggurat
02:37 Tomb of Relics
03:14 Ziggurat
04:48 Halls of the Dead
05:09 Ziggurat
07:53 Black Citadel
08:39 Slaughterhouse
09:19 Ziggurat
10:35 Ziggurat
13:39 Spirit Tower
13:40 Spirit Tower
16:04 Ziggurat
17:47 Spirit Tower
18:25 Spirit Tower
19:07 Necropolis
21:06 Crypt
21:06 Sacrificial Pit
22:03 Crypt
22:04 Spirit Tower
23:07 Ziggurat
23:09 Ziggurat
24:15 Necropolis
25:33 Ziggurat
25:35 Ziggurat
25:45 Ziggurat
27:08 Spirit Tower
27:09 Ziggurat
27:30 Ziggurat
» items
| Rod of Necromancy | 3 | |
| Dust of Appearance | 1 | |
| Scroll of Town Portal | 3 | |
| Scroll of Healing | 1 | |
| Orb of Corruption | 1 | |
9 total

»
TackMath (
purple | 78 APM | 2198 actions | 28:09)
4 Death Knight
2 Death Coil
2 Unholy Aura
4 Lich
2 Frost Nova
2 Frost Armor
» actions
| Assign group hotkey | 108 | |
| Basic commands | 95 | |
| Build / train | 74 | |
| Enter build submenu | 18 | |
| Enter hero's abilities submenu | 8 | |
| Remove unit from queue | 11 | |
| Right click | 1205 | |
| Select / deselect | 365 | |
| Select group hotkey | 246 | |
| Use ability | 68 | |
2198 total
» units
| Acolyte | 2 | |
| Ghoul | 3 | |
| Crypt Fiend | 18 | |
| Obsidian Statue | 4 | |
| Gargoyle | 3 | |
| Frost Wyrm | 1 | |
31 total
» upgrades
| Creature Attack | 3 | |
| Web | 1 | |
| Creature Carapace | 2 | |
| Freezing Breath | 1 | |
7 total
» buildings
| Altar of Darkness | 1 | |
| Ziggurat | 6 | |
| Crypt | 1 | |
| Tomb of Relics | 1 | |
| Nerubian Tower | 2 | |
| Graveyard | 1 | |
| Halls of the Dead | 1 | |
| Slaughterhouse | 1 | |
| Spirit Tower | 5 | |
| Black Citadel | 1 | |
| Sacrificial Pit | 1 | |
| Boneyard | 2 | |
| Necropolis | 1 | |
24 total
» build order
00:22 Altar of Darkness
00:29 Ziggurat
00:41 Crypt
00:58 Tomb of Relics
01:11 Ziggurat
01:44 Nerubian Tower
02:38 Graveyard
03:59 Halls of the Dead
05:44 Ziggurat
06:24 Slaughterhouse
07:07 Nerubian Tower
07:21 Spirit Tower
08:19 Ziggurat
16:31 Black Citadel
16:51 Spirit Tower
16:51 Spirit Tower
16:52 Spirit Tower
19:51 Sacrificial Pit
21:20 Boneyard
21:22 Boneyard
21:43 Ziggurat
22:10 Ziggurat
23:45 Spirit Tower
24:17 Spirit Tower
27:21 Necropolis
» items
| Rod of Necromancy | 1 | |
| Potion of Healing | 3 | |
| Potion of Mana | 1 | |
| Scroll of Town Portal | 1 | |
6 total
KING-RAT. (
orange | 77 APM | 2167 actions | 28:12)
5 Blademaster
3 Wind Walk
2 Critical Strike
» actions
| Assign group hotkey | 111 | |
| Basic commands | 41 | |
| Build / train | 43 | |
| Enter build submenu | 14 | |
| Enter hero's abilities submenu | 5 | |
| Right click | 1060 | |
| Select / deselect | 232 | |
| Select group hotkey | 514 | |
| Use ability | 147 | |
2167 total
» units
» upgrades
| Ranged Weapons | 2 | |
| Liquid Fire | 1 | |
| Reinforced Defenses | 1 | |
4 total
» buildings
| Altar of Storms | 1 | |
| Orc Burrow | 12 | |
| Stronghold | 1 | |
| Voodoo Lounge | 1 | |
| War Mill | 1 | |
| Beastiary | 2 | |
| Fortress | 1 | |
19 total
» build order
00:18 Altar of Storms
00:22 Orc Burrow
02:13 Stronghold
02:16 Voodoo Lounge
02:24 War Mill
02:28 Orc Burrow
02:29 Orc Burrow
02:30 Orc Burrow
04:38 Beastiary
04:41 Beastiary
06:11 Fortress
09:23 Orc Burrow
09:26 Orc Burrow
12:50 Orc Burrow
14:02 Orc Burrow
14:03 Orc Burrow
14:28 Orc Burrow
15:07 Orc Burrow
15:07 Orc Burrow
» items
| Healing Salve | 1 | |
| Lesser Clarity Potion | 1 | |
| Circlet of Nobility | 1 | |
| Staff of Teleportation | 1 | |
| Potion of Invisibility | 1 | |
| Orb of Corruption | 1 | |
| Potion of Mana | 1 | |
7 total
team 2 (loser)

»
otsegolectric (
red | 58 APM | 1566 actions | 27:02)
5 Archmage
2 Summon Water Elemental
3 Brilliance Aura
3 Mountain King
2 Storm Bolt
1 Bash
» actions
| Assign group hotkey | 5 | |
| Basic commands | 134 | |
| Build / train | 92 | |
| Enter build submenu | 21 | |
| Enter hero's abilities submenu | 8 | |
| Give item / drop item | 5 | |
| Right click | 651 | |
| Select / deselect | 447 | |
| Select group hotkey | 107 | |
| Use ability | 96 | |
1566 total
» units
| Peasant | 8 | |
| Footman | 2 | |
| Forest Troll Shadow Priest | 1 | |
| Rifleman | 28 | |
| Sorceress | 3 | |
| Priest | 4 | |
46 total
» upgrades
| Gunpowder | 3 | |
| Armor | 2 | |
| Long Rifles | 1 | |
| Lumber Harvesting | 2 | |
| Sorceress Training | 1 | |
| Masonry | 1 | |
| Magic Sentry | 1 | |
| Priest Training | 2 | |
13 total
» buildings
| Altar of Kings | 1 | |
| Farm | 8 | |
| Barracks | 1 | |
| Arcane Vault | 1 | |
| Blacksmith | 1 | |
| Lumber Mill | 1 | |
| Keep | 1 | |
| Arcane Sanctum | 1 | |
| Castle | 1 | |
| Scout Tower | 7 | |
| Guard Tower | 7 | |
30 total
» build order
00:08 Altar of Kings
00:20 Farm
00:27 Barracks
00:57 Farm
01:36 Farm
02:01 Arcane Vault
02:34 Blacksmith
03:11 Lumber Mill
04:21 Keep
04:38 Farm
05:23 Farm
07:12 Arcane Sanctum
07:17 Farm
09:30 Castle
10:16 Farm
12:42 Scout Tower
12:48 Scout Tower
13:12 Guard Tower
13:30 Guard Tower
14:02 Scout Tower
14:04 Scout Tower
14:33 Guard Tower
14:35 Guard Tower
14:39 Scout Tower
14:40 Scout Tower
15:42 Guard Tower
15:43 Guard Tower
15:46 Scout Tower
17:36 Guard Tower
18:17 Farm
» items
| Dust of Appearance | 1 | |
| Scroll of Regeneration | 4 | |
| Scroll of Town Portal | 5 | |
| Potion of Healing | 1 | |
| Potion of Lesser Invulnerability | 2 | |
| Scroll of Healing | 1 | |
14 total

»
pbg123456789 (
pink | 80 APM | 1243 actions | 15:34)
4 Demon Hunter
2 Mana Burn
2 Evasion
3 Pandaren Brewmaster
2 Breath of Fire
1 Drunken Brawler
» actions
| Assign group hotkey | 12 | |
| Build / train | 57 | |
| ESC pressed | 2 | |
| Enter build submenu | 16 | |
| Enter hero's abilities submenu | 7 | |
| Give item / drop item | 5 | |
| Remove unit from queue | 2 | |
| Right click | 530 | |
| Select / deselect | 301 | |
| Select group hotkey | 240 | |
| Use ability | 71 | |
1243 total
» units
| Wisp | 20 | |
| Archer | 5 | |
| Forest Troll Berserker | 4 | |
| Dryad | 1 | |
| Druid of the Claw | 5 | |
35 total
» upgrades
| Abolish Magic | 1 | |
| Druid of the Claw Training | 2 | |
| Resistant Skin | 0 | |
| Strength of the Wild | 1 | |
| Reinforced Hides | 1 | |
5 total
» buildings
| Altar of Elders | 1 | |
| Moon Well | 4 | |
| Ancient of War | 1 | |
| Tree of Ages | 1 | |
| Ancient of Wonders | 1 | |
| Hunter's Hall | 1 | |
| Ancient of Lore | 2 | |
| Tree of Eternity | 1 | |
| Tree of Life | 3 | |
15 total
» build order
00:19 Altar of Elders
00:32 Moon Well
01:00 Ancient of War
01:19 Moon Well
01:48 Moon Well
03:24 Tree of Ages
03:30 Ancient of Wonders
03:42 Moon Well
04:38 Hunter's Hall
06:13 Ancient of Lore
06:16 Ancient of Lore
06:39 Tree of Eternity
07:05 Tree of Life
12:25 Tree of Life
12:29 Tree of Life
» items
| Potion of Healing | 1 | |
| Staff of Preservation | 1 | |
| Scroll of Town Portal | 1 | |
3 total

»
Daprofit (
blue | 87 APM | 2445 actions | 28:08)
5 Blademaster
3 Wind Walk
2 Critical Strike
2 Naga Sea Witch
1 Forked Lightning
1 Frost Arrows
» actions
| Assign group hotkey | 25 | |
| Build / train | 54 | |
| Enter build submenu | 24 | |
| Enter hero's abilities submenu | 7 | |
| Give item / drop item | 1 | |
| Remove unit from queue | 1 | |
| Right click | 1651 | |
| Select / deselect | 407 | |
| Select group hotkey | 203 | |
| Use ability | 72 | |
2445 total
» units
| Peon | 7 | |
| Grunt | 5 | |
| Troll Batrider | 21 | |
33 total
» upgrades
| Armor | 1 | |
| Ranged Weapons | 2 | |
| Liquid Fire | 1 | |
4 total
» buildings
| Altar of Storms | 1 | |
| Orc Burrow | 7 | |
| Barracks | 1 | |
| Voodoo Lounge | 1 | |
| War Mill | 1 | |
| Stronghold | 1 | |
| Watch Tower | 10 | |
| Beastiary | 2 | |
| Fortress | 1 | |
25 total
» build order
00:27 Altar of Storms
00:30 Orc Burrow
00:34 Barracks
01:37 Orc Burrow
02:02 Voodoo Lounge
03:03 Orc Burrow
03:53 War Mill
04:52 Stronghold
05:55 Watch Tower
05:57 Orc Burrow
07:48 Beastiary
07:49 Beastiary
07:54 Orc Burrow
08:18 Fortress
13:03 Watch Tower
13:05 Watch Tower
13:07 Watch Tower
13:08 Watch Tower
16:25 Watch Tower
16:28 Watch Tower
17:07 Watch Tower
17:09 Watch Tower
19:11 Watch Tower
20:29 Orc Burrow
20:30 Orc Burrow
» items
| Healing Salve | 2 | |
| Orb of Lightning | 1 | |
| Potion of Mana | 1 | |
| Lesser Clarity Potion | 1 | |
| Potion of Healing | 1 | |
6 total
u_wot_m8 (
yellow | 48 APM | 1343 actions | 28:05)
7 Demon Hunter
3 Mana Burn
3 Evasion
1 Metamorphosis
» actions
| Assign group hotkey | 70 | |
| Build / train | 100 | |
| ESC pressed | 12 | |
| Enter build submenu | 29 | |
| Enter hero's abilities submenu | 7 | |
| Right click | 601 | |
| Select / deselect | 296 | |
| Select group hotkey | 87 | |
| Use ability | 141 | |
1343 total
» units
| Wisp | 32 | |
| Huntress | 5 | |
| Druid of the Claw | 13 | |
| Dryad | 6 | |
| Archer | 6 | |
| Druid of the Talon | 1 | |
| Knight | 2 | |
65 total
» upgrades
| Strength of the Wild | 3 | |
| Reinforced Hides | 2 | |
| Druid of the Claw Training | 2 | |
| Mark of the Claw | 1 | |
| Abolish Magic | 1 | |
9 total
» buildings
| Altar of Elders | 1 | |
| Moon Well | 6 | |
| Hunter's Hall | 1 | |
| Ancient of War | 1 | |
| Tree of Ages | 2 | |
| Ancient Protector | 6 | |
| Tree of Eternity | 3 | |
| Tree of Life | 3 | |
| Ancient of Wind | 2 | |
| Ancient of Wonders | 2 | |
| Ancient of Lore | 2 | |
29 total
» build order
00:11 Altar of Elders
00:16 Moon Well
01:09 Hunter's Hall
01:38 Ancient of War
01:57 Moon Well
03:12 Tree of Ages
03:15 Moon Well
03:49 Ancient Protector
04:46 Moon Well
05:38 Ancient Protector
05:40 Tree of Eternity
05:40 Tree of Eternity
05:40 Tree of Eternity
06:08 Tree of Life
06:15 Ancient Protector
06:30 Moon Well
07:55 Ancient of Wind
08:01 Moon Well
08:06 Ancient Protector
08:40 Ancient of Wonders
09:17 Ancient of Lore
09:21 Ancient of Lore
09:33 Ancient Protector
09:41 Ancient of Wonders
09:48 Ancient Protector
22:54 Ancient of Wind
23:00 Tree of Life
26:11 Tree of Life
» items
| Scroll of Speed | 1 | |
| Scroll of Town Portal | 4 | |
| Potion of Healing | 4 | |
| Orb of Venom | 1 | |
| Anti-magic Potion | 1 | |
11 total
Chat log
(00:12 / Allies) KING-RAT.: dammit darkness
(00:33 / Allies) TackMath: fuckin rush
(00:48 / Allies) KING-RAT.: greens actually a pro 4v4 player but he is always afk
(01:02 / Allies) TackMath: sounds pretty proish
(01:03 / Allies) Dead.Dragon: lol why
(01:14 / Allies) TackMath: we rushing
(01:17 / Allies) TackMath: get your hsit together
(01:31 / Allies) TackMath: o nvm
(01:32 / Allies) TackMath: hes here
(01:38 / Allies) TackMath: someone gold him
(01:40 / Allies) TackMath: im on outside
(01:42 / Allies) TackMath: pref orange
(01:54 / Allies) Dead.Dragon: im rush mode now btw
(02:01 / Allies) TackMath: ya check out oj
(02:04 / Allies) TackMath: hes just harvesting
(02:18 / Allies) Dead.Dragon: he feeding?
(02:28 / Allies) Dead.Dragon: nvm
(02:40 / Allies) KING-RAT.: relax im pro like darkness is
(02:41 / Allies) Dead.Dragon: units?
(06:26 / Allies) KING-RAT.: ur a great ally purple, just ignore the enemy with low hp
(06:35 / Allies) TackMath: im texting
(06:36 / Allies) TackMath: :)
(06:49 / Allies) Dead.Dragon: 2 top
(06:53 / Allies) DarKNeSSCaLLeD: coming
(06:53 / Allies) TackMath: mom wants to know how my day went
(08:02 / Allies) KING-RAT.: i thought that was us that used dust
(08:11 / Allies) DarKNeSSCaLLeD: i did
(09:20 / Allies) DarKNeSSCaLLeD: wood
(14:46 / Allies) TackMath: bring bats
(14:46 / Allies) TackMath: back
(14:48 / Allies) TackMath: they have no aa
(15:54 / Allies) DarKNeSSCaLLeD: turn on mana
(15:56 / Allies) DarKNeSSCaLLeD: on statue
(16:12 / All) KING-RAT.: fucking noob yellow
(16:24 / All) u_wot_m8: why bitch
(16:31 / All) KING-RAT.: w/e u can leave
(16:32 / All) KING-RAT.: hacker
(16:44 / All) u_wot_m8: why bitch
(16:52 / Allies) TackMath: me
(17:35 / Allies) Dead.Dragon: kill bats
(18:01 / Allies) Dead.Dragon: purp help me
(18:21 / Allies) Dead.Dragon: how did yellow hide
(18:25 / Allies) Dead.Dragon: we fukin lost
(18:32 / Allies) KING-RAT.: cuz ur a retard that didnt help my base
(19:15 / Allies) Dead.Dragon: scout
(19:25 / Allies) KING-RAT.: teal is gonna lose all his shit
(19:26 / Allies) KING-RAT.: right now
(19:46 / Allies) DarKNeSSCaLLeD: turn
(20:50 / Allies) KING-RAT.: heal his dk
(20:59 / Allies) DarKNeSSCaLLeD: no mana
(21:03 / All) KING-RAT.: out hacker yellow
(21:12 / All) u_wot_m8: wtf hacker
(21:13 / All) u_wot_m8: lol
(21:15 / Allies) DarKNeSSCaLLeD: how are we winning this
(21:28 / Allies) KING-RAT.: i took out pinks base and expo so i did my job. teal and puprle ar eidiots
(22:08 / Allies) KING-RAT.: i could really use gold for orb
(22:42 / Allies) DarKNeSSCaLLeD: those bats are a problem
(22:56 / Allies) Dead.Dragon: yep
(23:41 / Allies) Dead.Dragon: man he massing bats why go dfrosts
(23:52 / Allies) TackMath: we have spiderd
(24:07 / Allies) KING-RAT.: stay by purple
(24:08 / Allies) KING-RAT.: green
(24:12 / Allies) KING-RAT.: purple i mean
(24:18 / Allies) Dead.Dragon: stay together
(24:21 / Allies) KING-RAT.: i got like ten bats
(24:30 / Allies) KING-RAT.: keep greens dk alive
(25:36 / Allies) TackMath: lets go somewhere
(25:38 / Allies) TackMath: i freeze tower
(26:03 / Allies) Dead.Dragon: 20 gold for bm?
(26:09 / Allies) Dead.Dragon: ty
(26:23 / Allies) KING-RAT.: stay by green
(26:24 / All) KING-RAT.: lawl
(26:53 / All) KING-RAT.: HEAL
(26:55 / Allies) KING-RAT.: GREEN DK
(27:02 / Allies) Dead.Dragon: purp coil him
(27:04 / Allies) TackMath: dude i cant lagging
(27:05 / Allies) TackMath: like ab tich
(27:05 / All) KING-RAT.: leave noobs
(27:40 / All) KING-RAT.: hacker yellow down!!!!!!!!!!
(27:45 / Allies) DarKNeSSCaLLeD: dont over commit
(27:56 / All) u_wot_m8: idk whered you get this idea